 Dungeon Crawl Stone Soup version 0.20.1-1-g8b1a95d (webtiles) character file.

210 Minstaer the Poker (level 5, -6/38 HPs)
             Began as a Merfolk Skald on Nov 4, 2017.
             Mangled by a bullfrog (9 damage)
             ... on level 3 of the Dungeon.
             The game lasted 00:25:04 (3171 turns).

Minstaer the Poker (Merfolk Skald)                  Turns: 3171, Time: 00:25:04

Health: -6/38      AC:  4    Str: 12    XL:     5   Next: 88%
Magic:  8/9        EV: 14    Int: 13    God:
Gold:   96         SH:  0    Dex: 13    Spells: 2/10 levels left

rFire    . . .     SeeInvis .   x - +0 halberd
rCold    . . .     Gourm    .   (shield currently unavailable)
rNeg     . . .     Faith    .   y - +0 animal skin
rPois    .         Spirit   .   z - +0 helmet
rElec    .         Reflect  .   (no cloak)
rCorr    .         Harm     .   C - +0 pair of gloves
MR       .....                  (no boots)
Stlth    +.........             (no amulet)
Regen    0.2/turn               (no ring)
MPRegen  0.2/turn               (no ring)

@: singing
A: change form in water, swift swim, stealthy swim
a: no special abilities


You were on level 3 of the Dungeon.
You were hungry.

You visited 1 branch of the dungeon, and saw 4 of its levels.

You collected 96 gold pieces.

Inventory:

Hand Weapons
 a - a +0 spear
 x - a +0 halberd (weapon)
Missiles
 h - 14 stones
 j - 62 arrows
 k - 9 tomahawks (quivered)
 r - 24 sling bullets
Armour
 b - a +0 leather armour
 m - a +0 ring mail
 y - a +0 animal skin (worn)
 z - a +0 helmet (worn)
 C - a +0 pair of gloves (worn)
Jewellery
 e - a cursed ring of teleportation {unknown}
 s - an uncursed ring of resist corrosion {unknown}
Scrolls
 g - 3 scrolls of amnesia {unknown}
 i - 4 scrolls of remove curse {unknown}
 n - 6 scrolls of identify {unknown}
 o - 4 scrolls of teleportation {unknown}
 p - a scroll of fog {unknown}
 u - 2 scrolls of blinking {unknown}
 D - a scroll of magic mapping {unknown}
Potions
 l - a potion of might {unknown}
 q - 2 potions of berserk rage {unknown}
 t - 2 potions of haste {unknown}
 B - 2 potions of flight {unknown}
Books
 c - a book of Battle

   Spells                             Type                      Level
   a - Infusion                       Charms                       1
   b - Shroud of Golubria             Charms/Translocation         2
   c - Song of Slaying                Charms                       2
   d - Spectral Weapon                Hexes/Charms                 3
   e - Regeneration                   Charms/Necromancy            3
Comestibles
 d - 3 bread rations
 f - 4 fruits
 v - a meat ration
 w - 2 chunks of flesh
 A - a royal jelly


   Skills:
 - Level 2.1 Fighting
 + Level 4.9 Polearms
 - Level 0.6 Armour
 + Level 4.7 Dodging
 + Level 3.0 Spellcasting
 + Level 4.3 Charms


You had 2 spell levels left.
You knew the following spells:

 Your Spells              Type           Power        Failure   Level  Hunger
a - Infusion              Chrm           ##..         3%          1    #......
b - Song of Slaying       Chrm           ##......     5%          2    ##.....
c - Shroud of Golubria    Chrm/Tloc      #.........   14%         2    ##.....
d - Regeneration          Chrm/Necr      #.........   28%         3    ###....


Dungeon Overview and Level Annotations

Branches:
Dungeon (4/15)
 Temple: D:4-7

Altars:
Elyvilon
Kikubaaqudgha


Message History

The bullfrog misses you.
You closely miss the jackal. The jackal closely misses you.
The orc priest hits you with a hand axe.
The bullfrog barely misses you. The jackal closely misses you. x2
The orc priest hits you with a hand axe.
* * * LOW HITPOINT WARNING * * *
The bullfrog hits you.
* * * LOW HITPOINT WARNING * * *
The jackal bites you but does no damage. x2
The bullfrog barely misses you. The jackal bites you.
* * * LOW HITPOINT WARNING * * *
The orc priest closely misses you.
You climb upwards.
There is a stone staircase leading down here.
Unknown command.
You puncture the orc priest!
The orc priest is severely wounded.
The jackal bites you but does no damage.
The bullfrog hits you!
You die...

##################
#.................
#.#######..######.
#.# ### #..# #.
#.###.###..######.
#oh...............
#@###.#.#.........
#F# #.#.#.######..
#h###.#.#.# #.).
#.........# ##..
#.#####.### ##.
#.#####.# #.
#....)..# #.
#######.# ##+ #.#
##..


You could see a bullfrog, an orc priest and 2 jackals.

Vanquished Creatures
  2 orc priests (D:3)
  Jessica (D:3)
  Robin (D:2)
  4 adders
  A dart slug (D:3)
  5 orcs
  2 ball pythons
  2 giant cockroaches
  14 goblins
  9 hobgoblins
  3 jackals
  9 bats
  A frilled lizard (D:3)
  9 kobolds
  A leopard gecko skeleton (D:3)
  7 rats
71 creatures vanquished.

Notes
Turn   | Place    | Note
-------+----------+-------------------------------------------
     0 | D:1      | Minstaer the Merfolk Skald began the quest for the Orb.
     0 | D:1      | Reached XP level 1. HP: 16/16 MP: 3/3
   114 | D:1      | Reached XP level 2. HP: 22/22 MP: 5/5
   517 | D:1      | Reached XP level 3. HP: 25/27 MP: 6/6
   610 | D:2      | Found an ancient bone altar of Kikubaaqudgha.
  1129 | D:2      | Reached XP level 4. HP: 18/33 MP: 3/7
  1895 | D:2      | Noticed Robin
  1935 | D:2      | Killed Robin
  1939 | D:2      | Learned a level 2 spell: Song of Slaying
  1942 | D:2      | Learned a level 2 spell: Shroud of Golubria
  1946 | D:2      | Learned a level 3 spell: Regeneration
  2531 | D:3      | Found a white marble altar of Elyvilon.
  2800 | D:3      | Reached XP level 5. HP: 22/38 MP: 9/9
  2808 | D:3      | Noticed Jessica
  2810 | D:3      | Killed Jessica
  3171 | D:3      | Mangled by a bullfrog

Skill      XL: |  1  2  3  4  5 |
---------------+----------------+-----
Dodging        | 3 4 |  4.7
Polearms       | 4 |  4.9
Charms         | 4 |  4.3
Spellcasting   | 3 |  3.0
Fighting       | |  2.1
Armour         | |  0.6

Action                   |  1- 3 |  4- 6 || total
-------------------------+-------+-------++-------
Melee: Spear             |   134 |     2 ||   136
       Halberd           |       |   131 ||   131
Throw: Tomahawk          |       |     2 ||     2
 Cast: Infusion          |     2 |       ||     2
       Song of Slaying   |       |     1 ||     1
  Eat: Chunk             |     1 |     6 ||     7
Armor: Leather armour    |    16 |    17 ||    33
       Animal skin       |       |    24 ||    24
Dodge: Dodged            |    76 |   111 ||   187
